AoeStats
← Asbachgott

Nomad

507838331Analyzed
4v4 RM · 13d ago on Sep 19, 2026· 47m 54s· 8 players
Game mode
Random Map
Map size
231×231
Population
200
Speed
Normal
Resources
Standard
Victory
Conquest
Starting age
Dark Age
Ending age
Imperial Age
RankedLock teamsTeams togetherTeam positionsShared explorationLock speedFull tech treeHidden civsTurbo modeCheats
Victory
Defeat
🇩🇪 Gurjaras · Germany
1536
+11
🇩🇪 Persians · Germany
1476
+13
🇩🇪 Spanish · Germany
1443
+14
🇩🇪 Malians · Germany
1263
+22
🇺🇸 Slavs · United States
1446
-17
🇨🇱 Saracens · Chile
1417
-15
🇲🇽 Koreans · Mexico
1404
-15
🇲🇽 Tupi · Mexico
1353
-13
Dark Gundam
3:34 Loom
12:51 Feudal Age
13:50 Arson
13:54 Man-at-Arms
18:14 Double-Bit Axe
18:15 Fishing Lines
20:32 Fletching
20:45 Scale Mail Armor
27:10 Castle Age
25:43 Forging
29:06 Bodkin Arrow
29:31 Crossbowman
31:31 Gold Mining
32:38 Ballistics
35:53 Horse Collar
38:11 Wheelbarrow
39:53 Hand Cart
40:43 Thumb Ring
41:09 Thumb Ring
42:00 Town Watch
44:32 Gillnets
50:09 Imperial Age
mikeymazko
5:38 Loom
13:40 Feudal Age
14:17 Feudal Age
19:04 Castle Age
18:19 Double-Bit Axe
19:51 Fishing Lines
23:00 Fletching
25:07 Wheelbarrow
24:58 Bodkin Arrow
25:16 Town Watch
25:58 Bow Saw
26:39 Horse Collar
29:02 Gold Mining
34:23 Ballistics
35:30 Heavy Plow
39:24 Detinets
46:52 Imperial Age
46:16 Gold Shaft Mining
46:39 Scale Barding Armor
46:45 Forging
47:28 Hand Cart
48:18 Crop Rotation
47:31 Elite Boyar
De_Aztek
3:18 Loom
14:48 Feudal Age
16:16 Double-Bit Axe
20:11 Castle Age
18:42 Padded Archer Armor
18:58 Gold Mining
19:26 Fletching
20:50 Bodkin Arrow
22:11 Bow Saw
22:38 Gold Shaft Mining
22:57 Leather Archer Armor
25:18 Wheelbarrow
25:37 Ballistics
29:32 Stone Mining
40:52 Imperial Age
41:16 Hand Cart
40:47 Town Watch
41:55 Conscription
42:06 Bracer
42:36 Ring Archer Armor
45:23 Two-Man Saw
46:21 Scale Mail Armor
46:32 Forging
46:40 Elite Ibirapema Warrior
GunsNroses
3:50 Loom
14:00 Feudal Age
14:42 Double-Bit Axe
16:54 Fletching
17:45 Padded Archer Armor
22:11 Castle Age
20:49 Gold Mining
20:50 Stone Mining
23:04 Medium Warships
22:51 Bodkin Arrow
25:01 Ballistics
26:43 Fishing Lines
27:53 Clinker Construction
31:07 Careening
37:25 Imperial Age
35:47 Scale Barding Armor
36:08 Gillnets
38:47 Chain Barding Armor
39:13 Bloodlines
39:28 Husbandry
40:16 Light Cavalry
44:01 Capped Ram
47:20 Forging
Asbachgott
5:40 Loom
13:41 Feudal Age
15:44 Double-Bit Axe
15:40 Horse Collar
18:48 Castle Age
16:43 Gold Mining
16:53 Stone Mining
17:04 Fishing Lines
18:52 Town Watch
20:06 Bow Saw
20:29 Heavy Plow
24:38 Wheelbarrow
24:06 Fletching
26:49 Hand Cart
26:59 Medium Warships
27:50 Forging
27:37 Bodkin Arrow
27:48 Gillnets
29:51 Masonry
30:02 Ballistics
29:51 Treadmill Crane
31:07 Bloodlines
31:15 Husbandry
31:26 Scale Barding Armor
32:56 Chain Barding Armor
34:47 Gold Shaft Mining
34:24 Heated Shot
34:30 Guard Tower
35:04 Town Patrol
38:43 Imperial Age
36:59 Forging
36:52 Scale Mail Armor
36:56 Light Cavalry
37:36 Murder Holes
37:53 Careening
37:53 Clinker Construction
39:38 Iron Casting
39:19 Chain Mail Armor
39:59 Plate Barding Armor
39:41 Farimba
39:42 Tigui
40:02 Conscription
39:15 Cavalier
42:19 Chemistry
45:01 Heavy Camel Rider
48:25 Chain Mail Armor
48:11 Padded Archer Armor
48:44 Crop Rotation
48:51 Stone Shaft Mining
Saphi
7:28 Loom
15:12 Feudal Age
16:00 Double-Bit Axe
17:41 Wheelbarrow
17:44 Horse Collar
21:33 Castle Age
22:19 Medium Warships
23:31 Scale Barding Armor
23:36 Forging
23:40 Bloodlines
23:30 Husbandry
24:47 Chain Barding Armor
25:44 Hand Cart
29:43 Bow Saw
40:23 Fletching
41:09 Iron Casting
40:45 Padded Archer Armor
44:36 Imperial Age
42:06 Gold Mining
42:07 Stone Mining
42:30 Elite Skirmisher
44:03 Heavy Plow
45:06 Ballistics
48:26 Two-Man Saw
van jonsenheim
4:53 Loom
13:55 Feudal Age
17:42 Castle Age
19:14 Double-Bit Axe
20:18 Fishing Lines
21:42 Gillnets
22:03 Horse Collar
22:36 Bow Saw
23:07 Wheelbarrow
25:55 Horse Collar
26:06 Gold Mining
27:05 Town Watch
28:41 Hand Cart
29:13 Heavy Plow
29:06 Stone Mining
30:05 Town Patrol
34:13 Imperial Age
34:14 Scale Barding Armor
34:19 Forging
35:32 Chain Barding Armor
35:20 Padded Archer Armor
36:07 Bloodlines
35:58 Husbandry
36:30 Conscription
36:21 Cavalier
37:38 Plate Barding Armor
38:29 Iron Casting
41:32 Thumb Ring
41:20 Fletching
41:45 Leather Archer Armor
44:17 Bodkin Arrow
45:17 Bracer
44:49 Elite Skirmisher
47:38 Ring Archer Armor
47:30 Ballistics
Jonas
6:59 Loom
13:11 Feudal Age
17:02 Castle Age
27:46 Horse Collar
30:24 Sanctity
31:29 Town Watch
34:42 Wheelbarrow
34:27 Scale Barding Armor
35:02 Double-Bit Axe
36:58 Chain Barding Armor
38:12 Husbandry
40:22 Scale Mail Armor
45:26 Imperial Age
43:19 Forging
44:20 Bloodlines
47:20 Chemistry
47:56 Bow Saw
47:29 Elite Shrivamsha Rider
Connection lost

Rejoining the realm…

Still unreachable

The connection could not be restored.

Session expired

The server has moved on; the page needs a fresh start.